 Dungeon Crawl Stone Soup version 0.25.1-9-gc5326a611f (webtiles) character file.

Game seed: 11484601538380619065

785 theanonym the Chopper (level 8, -5/62 HPs)
             Began as a Formicid Gladiator on Sept 2, 2021.
             Slain by a gnoll
             ... wielding a +0 spear
              (8 damage)
             ... on level 4 of the Dungeon.
             The game lasted 00:03:44 (4067 turns).

theanonym the Chopper (Formicid Gladiator)          Turns: 4067, Time: 00:03:45

Health: -5/62      AC:  5    Str: 21    XL:     8   Next: 11%
Magic:  8/8        EV: 12    Int:  8    God:
Gold:   167        SH:  0    Dex: 12    Spells: 7/7 levels left

rFire    . . .     SeeInvis +   a - +0 war axe
rCold    . . .     Gourm    .   p - +0 buckler
rNeg     . . .     Faith    .   r - +0 ring mail
rPois    .         Spirit   .   (helmet unavailable)
rElec    .         Reflect  .   l - scarf {repulsion}
rCorr    .         Harm     .   (no gloves)
MR       .....                  (no boots)
Stlth    ..........             h - amulet of regeneration
HPRegen  0.60/turn              (no ring)
MPRegen  0.11/turn              (no ring)

@: confused, mighty, brilliant, repel missiles
A: permanent stasis, dig shafts and tunnels, four strong arms, antennae 3
a: Dig, Shaft Self


Innate Abilities, Weirdness & Mutations

You cannot be hasted, slowed, berserked, paralysed or teleported.
You can dig through walls and to a lower floor.
Your four strong arms can wield two-handed weapons with a shield.
You have a pair of large antennae on your head. (SInv)


   Skills:
 + Level 5.2 Fighting
 * Level 7.0 Axes
 - Level 2.0 Throwing
 - Level 2.6 Dodging
 + Level 3.9 Shields


You had 7 spell levels left.
You didn't know any spells.
Your spell library was empty.

Skill      XL: |  1  2  3  4  5  6  7  8 |
---------------+-------------------------+-----
Axes           | 4 5 6 7 |  7.0
Fighting       | 3 5 |  5.2
Shields        | 1 3 |  3.9
Throwing       | |  2.0
Dodging        | |  2.6

Action                   |  1- 3 |  4- 6 |  7- 9 || total
-------------------------+-------+-------+-------++-------
Melee: War axe           |    94 |   159 |    15 ||   268
Throw: Throwing net      |       |     1 |       ||     1
  Use: Potion            |       |     1 |     3 ||     4
  Eat: Chunk             |     2 |     8 |       ||    10
Armor: Leather armour    |    52 |    33 |       ||    85
       Ring mail         |       |     8 |    10 ||    18
Dodge: Dodged            |   107 |   126 |    30 ||   263
       Repelled          |       |     1 |       ||     1
Block: Buckler           |       |     9 |     6 ||    15

Inventory:

Hand Weapons
 a - a +0 war axe (weapon)
Missiles
 c - 3 throwing nets (quivered)
Armour
 l - a scarf of repulsion (worn)
 p - a +0 buckler (worn)
 r - a +0 ring mail (worn)
Jewellery
 h - an amulet of regeneration (around neck)
Scrolls
 i - 3 scrolls of remove curse {unknown}
 j - a scroll of noise {unknown}
 k - a scroll of teleportation {unknown}
 m - a scroll of identify {unknown}
 n - a scroll of blinking {unknown}
 o - 3 scrolls of enchant weapon {unknown}
Potions
 w - a potion of curing
Comestibles
 e - 9 rations
 g - a chunk of flesh


You were on level 4 of the Dungeon.
You were not hungry.

You visited 1 branch of the dungeon, and saw 4 of its levels.

You collected 167 gold pieces.

Dungeon Overview and Level Annotations

Branches:
Dungeon (4/15)
 Temple: D:4-7

Altars:
Elyvilon
Okawaru
Ru
Uskayaw
The Shining One

........................#....
$.............##....###+#.... .
..#...........##.....#.......
#.. ##.........###.....#.....##
#...##.........###.....#.....##
+......................'.......
#.....#.........p......#......#
#.....#.....g.................#
#...........g.@...............#
#.#...##....g.g#........#+#....
#.. #.......##.......#{#....
..$ #.......##..p....#p#....
... #...)...###+#........... ..
#.......##.............. .
#.......##..............
#.......##...#####+#....
#.............####.#....


You could see a gnoll shaman, 3 gnolls and 2 neutral freed slaves.

Notes
Turn   | Place    | Note
-------+----------+-------------------------------------------
     0 | D:1      | theanonym the Formicid Gladiator began the quest for the
                  | Orb.
     0 | D:1      | Reached XP level 1. HP: 16/16 MP: 1/1
   117 | D:1      | Reached XP level 2. HP: 21/23 MP: 2/2
   453 | D:1      | Reached XP level 3. HP: 28/28 MP: 3/3
  1317 | D:2      | Reached skill level 4 in Axes
  1334 | D:2      | Found a sacrificial altar of Ru.
  1359 | D:2      | Reached skill level 3 in Fighting
  1359 | D:2      | Reached XP level 4. HP: 35/35 MP: 4/4
  1808 | D:2      | Found a white marble altar of Elyvilon.
  2460 | D:3      | Reached XP level 5. HP: 33/41 MP: 5/5
  2782 | D:3      | Found a hide-covered altar of Uskayaw.
  2782 | D:3      | Found an iron altar of Okawaru.
  2962 | D:3      | HP: 20/41 [poisoned by a goblin]
  2967 | D:3      | HP: 15/41 [poisoned by a goblin]
  2972 | D:3      | HP: 12/41 [poisoned by a goblin]
  2978 | D:3      | HP: 10/41 [poisoned by a goblin]
  2984 | D:3      | HP: 9/41 [poisoned by a goblin]
  2992 | D:3      | HP: 8/41 [poisoned by a goblin]
  3272 | D:3      | Found a glowing golden altar of the Shining One.
  3350 | D:4      | Reached skill level 5 in Axes
  3355 | D:4      | HP: 20/42 [worker ant (3)]
  3359 | D:3      | Reached skill level 1 in Shields
  3361 | D:3      | HP: 16/42 [poisoned by a worker ant]
  3368 | D:3      | HP: 15/42 [poisoned by a worker ant]
  3376 | D:3      | HP: 14/42 [poisoned by a worker ant]
  3576 | D:4      | Noticed a necrophage
  3647 | D:4      | Reached XP level 6. HP: 39/48 MP: 6/6
  3655 | D:4      | HP: 24/48 [poisoned by an adder]
  3660 | D:4      | HP: 12/48 [poisoned by an adder]
  3684 | D:4      | HP: 20/48 [necrophage (1)]
  3685 | D:4      | Killed a necrophage
  3685 | D:4      | Reached skill level 4 in Fighting
  3685 | D:4      | Reached skill level 2 in Shields
  3924 | D:4      | Noticed Pikel
  3924 | D:4      | Noticed a slave
  3924 | D:4      | Noticed a slave
  3924 | D:4      | Noticed a slave
  3933 | D:4      | Killed Pikel
  3933 | D:4      | Reached skill level 5 in Fighting
  3933 | D:4      | Reached skill level 6 in Axes
  3933 | D:4      | Reached skill level 3 in Shields
  3933 | D:4      | Reached XP level 7. HP: 56/56 MP: 7/7
  3933 | D:4      | Reached XP level 8. HP: 62/62 MP: 8/8
  4050 | D:4      | Reached skill level 7 in Axes
  4057 | D:4      | HP: 26/62 [gnoll/+0 spear (9)]
  4062 | D:4      | HP: 14/62 [gnoll/+0 spear (8)]
  4067 | D:4      | HP: 7/62 [gnoll/+0 spear (5)]
  4067 | D:4      | HP: 3/62 [gnoll/+0 spear (4)]
  4067 | D:4      | Slain by a gnoll

Vanquished Creatures
  Pikel (D:4)
  A necrophage (D:4)
  3 hounds (D:4)
  A worker ant (D:3)
  A gnoll (D:4)
  5 adders
  2 worms
  3 leopard geckos (D:1)
  6 orcs
  4 giant cockroaches
  5 goblins
  4 hobgoblins
  19 jackals
  4 quokkas
  2 ball pythons
  10 bats
  6 frilled lizards
  10 kobolds
  6 rats
93 creatures vanquished.

Vanquished Creatures (others)
  An orc (D:4)
1 creature vanquished.

Grand Total: 94 creatures vanquished

Table legend:
 A = Turns spent in this place as a percentage of turns spent in the entire game.
 B = Non-inter-level travel turns spent in this place as a percentage of non-inter-level travel turns spent in the entire game.
 C = Inter-level travel turns spent in this place as a percentage of turns spent in this place.
 D = Turns resting spent in this place as a percentage of non-inter-level travel turns spent in this place.
 E = Turns spent auto-exploring this place as a percentage of non-inter-level travel turns spent in this place.
 F = Non-inter-level travel turns spent in this place divided by the number of levels of this place that you've seen.
                   A       B       C       D       E      F
               +-------+-------+-------+-------+-------+----------------------
         Total | 100.0 | 100.0 |   3.8 |  22.0 |  64.3 | 978.2
       Dungeon | 100.0 | 100.0 |   3.8 |  22.0 |  64.3 | 978.2
               +-------+-------+-------+-------+-------+----------------------
